 Dungeon Crawl Stone Soup version 0.28-a0-1447-ga5a8893891 (webtiles) character file.

Game seed: 9159861443407884041

71775 blank1 the Thaumaturge (level 15, -20/116 HPs)
             Began as a Djinni Summoner on Jan 11, 2022.
             Was the Champion of Makhleb.
             Shot with a bolt by a yaktaur (28 damage)
             ... on level 13 of the Dungeon.
             The game lasted 01:48:19 (28917 turns).

blank1 the Thaumaturge (Djinni Summoner)           Turns: 28917, Time: 01:48:20

Health: -20/116    AC: 11    Str:  7    XL:     15   Next: 83%
Gold:   2591       EV: 21    Int: 21    God:    Makhleb [******] SH:  0 Dex: 23

rFire   + + .      SeeInvis .   j - +8 trident of the Octopus King {venom, rElec rPois}
rCold   x . .      Faith    .   (no shield)
rNeg    . . .      Spirit   .   A - +3 leather armour of Evolution {Slay+6}
rPois   ∞          Reflect  .   z - +0 helmet
rElec   +          Harm     .   D - +2 cloak
rCorr   .          Rampage  .   (no gloves)
Will    +....                   (boots unavailable)
Stlth   +++.......              (no amulet)
HPRegen 0.29/turn               K - ring of wizardry
MPRegen 0.00/turn               M - +6 ring of dexterity

@: flying
A: sickness immunity, fire resistance 2, cold vulnerability 1, float, innate
caster, hp casting, extra vitality 1
a: Renounce Religion, Minor Destruction, Lesser Servant of Makhleb, Major
Destruction, Greater Servant of Makhleb


You were on level 13 of the Dungeon.
You worshipped Makhleb.
Makhleb was exalted by your worship.
You visited 3 branches of the dungeon, and saw 20 of its levels.
You also visited: Sewer and Ossuary.

You collected 2591 gold pieces.

Inventory:

Hand Weapons
 e - a +3 short sword of venom
 j - the +8 trident of the Octopus King (weapon) {venom, rElec rPois}
   (You found it on level 2 of the Dungeon)

   It poisons the flesh of those it strikes.
   rElec:     It insulates you from electricity.
   rPois:     It protects you from poison.
 w - the +6 flail of Untimely Demise {pain, rCorr}
   (You found it on level 3 of the Dungeon)

   In the hands of one skilled in necromantic magic, it inflicts extra damage on
   living creatures.
   Your inability to study Necromancy prevents you from drawing on the full
   power of this weapon.
   rCorr:     It protects you from acid and corrosion.
Missiles
 p - a throwing net
Armour
 h - a +2 robe of willpower
 z - a +0 helmet (worn)
 A - the +3 leather armour of Evolution (worn) {Slay+6}
   (You found it on level 4 of the Dungeon)

   Slay:      It affects your accuracy & damage with ranged weapons and melee
   (+6).
 C - an orb of guile
 D - a +2 cloak (worn)
Jewellery
 G - a ring of protection from cold
 K - a ring of wizardry (left hand)
 M - a +6 ring of dexterity (right hand)
 U - a ring of willpower
Wands
 d - a wand of charming (4)
 r - a wand of mindburst (25)
 t - a wand of flame (44)
 y - a wand of iceblast (28)
 B - a wand of paralysis (13)
 F - a wand of digging (13)
 N - a wand of polymorph (14)
 R - a wand of acid (5)
Scrolls
 c - 8 scrolls of teleportation
 k - 4 scrolls of vulnerability
 n - 2 scrolls of fear
 o - a scroll of summoning
 x - 2 scrolls of noise
 L - 10 scrolls of identify
 O - 3 scrolls of fog
 P - 2 scrolls of blinking
 Q - a scroll of magic mapping
Potions
 a - a potion of resistance
 b - 11 potions of curing
 f - 3 potions of flight
 i - 2 potions of heal wounds
 l - 6 potions of attraction {unknown}
 m - 4 potions of lignification
 q - 4 potions of might
 s - 2 potions of cancellation
 u - 2 potions of brilliance {unknown}
 v - 3 potions of mutation
 I - a potion of berserk rage
 J - 5 potions of ambrosia {unknown}
 S - a potion of invisibility {unknown}
 T - a potion of haste {unknown}


   Skills:
 + Level 13.9 Fighting
 - Level 4.0 Polearms
 - Level 5.0 Armour
 - Level 13.0 Dodging
 - Level 6.0 Stealth
 - Level 14.0 Spellcasting
 - Level 3.0 Invocations


You had 6 spell levels left.
You knew the following spells:

 Your Spells              Type           Power      Damage    Failure   Level
a - Summon Small Mammal   Summ           100%       N/A       0%          1
b - Call Imp              Summ           65%        N/A       1%          2
c - Call Canine Familiar  Summ           65%        N/A       1%          3
d - Summon Guardian Gole  Hex/Summ       65%        N/A       1%          3
e - Summon Lightning Spi  Summ/Air       65%        N/A       1%          4
f - Sting                 Tmut/Pois      100%       1d8       0%          1
g - Searing Ray           Conj           100%       2d8       1%          2
h - Ensorcelled Hibernat  Hex/Ice        100%       N/A       1%          2
i - Mephitic Cloud        Conj/Pois/Air  65%        N/A       1%          3
j - Passage of Golubria   Tloc           65%        N/A       1%          4
k - Iskenderun's Battles  Conj           65%        2d11      1%          5
l - Iron Shot             Conj/Erth      32%        9d7       1%          6
Your spell library was empty.

Dungeon Overview and Level Annotations

Branches:
Dungeon (13/15)            Temple (1/1) D:5            Lair (6/6) D:9
  Swamp (0/4) Lair:4       Spider (0/4) Lair:3        Slime (0/5) Lair:6
    Orc (0/2) D:12          Sewer (visited)         Ossuary (visited)
 Vaults: D:13-14

Altars:
Ashenzari
Dithmenos
Elyvilon
Fedhas
Gozag
Makhleb
Okawaru
Sif Muna
Uskayaw
Vehumet
Wu Jian
Xom
Yredelemnul
Zin

Shops:
D:5 (   D:9 [

Annotations:
D:8 1 runed translucent door, FludoriRambler's ghost, novice TeMo
Lair:5 2 transporters, exclusion: 2 oklob plants, Pinouros's ghost, journeyman DECj


Innate Abilities, Weirdness & Mutations

You are immune to sickness and miasma.
You are immune to poison.
Your flesh is very heat resistant. (rF++)
You are vulnerable to cold. (rC-)
You float through the air rather than walking.
You learn spells naturally, not from books.
Your magical power is your life essence.
You have superior vitality. (+4 MHP)


Message History

The bolt hits your lightning spire!
You hear a shout!
Casting: Iron Shot (dangerous; 1% risk of failure)
Confirm with . or Enter, or press ? or * to list all spells.
Aiming: Iron Shot (dangerous; 1% risk of failure)
Press: ? - help, Shift-Dir - straight line, f - yaktaur, p - yaktaur
Aim: a yaktaur, wielding a +2 arbalest of freezing and quivering bolts (94% to hit)
The iron shot hits the yaktaur!!
The yaktaur is severely wounded.
The yaktaur shoots a bolt.
The bolt barely misses you.
Unknown command.
Casting: Iron Shot (dangerous; 1% risk of failure)
Confirm with . or Enter, or press ? or * to list all spells.
Aiming: Iron Shot (dangerous; 1% risk of failure)
Press: ? - help, Shift-Dir - straight line, f/p - yaktaur
Aim: a yaktaur, wielding a +2 arbalest of freezing and quivering bolts (severely wounded, 94% to hit)
The iron shot hits the yaktaur!!
You kill the yaktaur!
Makhleb accepts your kill.
You feel better.
The yaktaur shoots a bolt.
The bolt hits your lightning spire!
Your lightning spire shoots out a bolt of lightning at the yaktaur!
The bolt of electricity hits the yaktaur!
Unknown command.
You are too injured to fight recklessly!
The yaktaur shoots a bolt.
The bolt hits your lightning spire!!
Your lightning spire is destroyed!
Your lightning spire disappears in a puff of smoke!
You are too injured to fight recklessly!
Unknown command.
Casting: Iron Shot (dangerous; 1% risk of failure)
Confirm with . or Enter, or press ? or * to list all spells.
An electric hum fills the air.
* * * LOW HITPOINT WARNING * * *
The yaktaur shoots a bolt.
The bolt hits you!!
* * * LOW HITPOINT WARNING * * *
Casting: Summon Lightning Spire (safe; 1% risk of failure)
Confirm with . or Enter, or press ? or * to list all spells.
* * * LOW HITPOINT WARNING * * *
The yaktaur shoots a bolt.
The bolt hits you!!
You die...

#...........O.............
#######.#..#.######.......
......... #.......
#.#..#.# ######## #.#..#.#
O##.)##Z . #c)#
####.[########
#..8@........#
#..h.........#
#..[.........#
#............#
#............# ###
#............# #..
#............# #..
#............######..
#............'....'..


You could see a yaktaur (ally target), a friendly warg (summoned) and a friendly
lightning spire (summoned).

Vanquished Creatures
  Azrael (D:12)
  3 boulder beetles
  2 hydras
  Erolcha (D:12)
  2 centaur warriors (D:13)
  The ghost of Elogroes the Frost Mage, a journeyman GrCK of Nemelex Xobeh (D:12)
  A tengu warrior (D:13)
  2 catoblepae
  2 two-headed ogres
  8 death yaks
  The ghost of Xenoroth the Basher, a novice GrFi of the Shining One (D:11)
  Sonja (Lair:3)
  A deep elf pyromancer (D:12)
  An ugly thing (D:12)
  2 manticores
  2 cyclopes
  2 oklob plants (Lair:6)
  3 black mambas
  An elephant (Lair:2)
  A gargoyle (D:13)
  Joseph (Lair:1)
  4 cane toads
  2 yaktaurs (D:13)
  3 komodo dragons
  A tengu conjurer (D:13)
  3 polar bears
  2 trolls
  4 hornets
  8 blink frogs
  2 slime creatures (D:13)
  A dream sheep (Lair:6)
  2 centaur simulacra (D:11)
  3 wraiths
  A shadow (D:12)
  6 spriggans (Lair:6)
  2 basilisks
  6 wyverns
  10 yaks
  4 fire elementals
  A steam dragon (D:7)
  A vampire mosquito (D:12)
  10 water moccasins
  A hell hound (D:12)
  2 black bears
  3 orc warriors
  3 sky beasts
  7 centaurs
  2 ogres
  2 boggarts (Lair:6)
  8 wolves
  2 phantoms
  2 kobold brigands
  Blork the orc (D:4)
  An elf zombie (Ossuary)
  16 bullfrogs
  A gnoll sergeant (D:12)
  A wyvern zombie (D:9)
  4 scorpions
  22 killer bees
  6 wights
  A howler monkey (D:4)
  2 electric eels (D:12)
  2 centaur zombies
  2 hounds
  2 human zombies (Ossuary)
  6 orc priests
  2 bullfrog skeletons
  2 iguanas
  7 orc wizards
  A hell rat (Lair:3)
  An ogre zombie (D:12)
  A hound zombie (Ossuary)
  3 mummies (Ossuary)
  8 gnolls
  A river rat (Lair:2)
  5 adders
  2 white imps (D:7)
  2 ufetubi
  4 adder zombies (Ossuary)
  3 dart slugs
  18 orcs
  6 endoplasms
  5 giant cockroaches
  5 hobgoblins
  4 jackals
  10 kobolds
  6 quokkas
  4 ball pythons
  2 bats
  3 frilled lizards
  6 gnoll zombies (Ossuary)
  6 goblins
  3 goblin zombies
  8 hobgoblin zombies
  A jackal zombie (Ossuary)
  6 kobold zombies (Ossuary)
  2 orc zombies
  2 quokka zombies (Ossuary)
  4 rats
  7 rat zombies (Ossuary)
364 creatures vanquished.

Vanquished Creatures (collateral kills)
  Josephine (Lair:4)
  3 hydras
  A catoblepas (Lair:6)
  2 two-headed ogres
  6 death yaks
  Nergalle (Lair:4)
  A deep elf pyromancer (D:13)
  3 oklob plants (Lair:6)
  2 ugly things
  3 spectral centaurs (D:11)
  A cyclops (D:11)
  An elephant (Lair:6)
  Maurice (D:10)
  3 cane toads
  3 komodo dragons
  An unseen horror (D:12)
  2 rime drakes (Lair:5)
  A queen bee (Lair:2)
  A polar bear (Lair:6)
  A troll (D:9)
  6 blink frogs
  A hornet (Lair:6)
  A slime creature (D:13)
  5 dream sheep (Lair:6)
  A centaur simulacrum (D:11)
  6 spriggans (Lair:6)
  A shadow (D:12)
  4 wyverns
  4 wraiths
  13 yaks
  2 basilisks
  A fire elemental (D:12)
  A vampire mosquito (D:12)
  3 swamp worms (Lair:4)
  An acid dragon (D:12)
  2 hell hounds
  7 water moccasins
  3 orc warriors
  3 black bears
  3 boggarts (Lair:6)
  6 centaurs
  19 wolves
  An ogre (D:13)
  A phantom (D:12)
  2 kobold brigands
  7 bullfrogs
  A wyvern skeleton (D:7)
  A troll zombie (D:12)
  7 killer bees (Lair:2)
  14 wights
  2 electric eels (D:12)
  2 jellies
  3 orc priests
  2 gnoll shamans
  3 hell rats (Lair:3)
  An iguana (Lair:4)
  6 orc wizards
  3 ogre zombies (D:12)
  9 gnolls
  A river rat (Lair:2)
  An adder (D:4)
  6 orcs
  3 endoplasms
  A giant cockroach (D:1)
  A hobgoblin (D:1)
  A jackal (D:1)
  10 kobolds
  A quokka (D:3)
  A goblin skeleton (D:12)
  3 goblin zombies (D:12)
  A hobgoblin zombie (D:12)
  2 orc zombies (D:12)
  2 rats (D:1)
230 creatures vanquished.

Vanquished Creatures (others)
  A hydra (Lair:4)
  A death yak (Lair:6)
  A manticore (Lair:2)
  3 elephants (Lair:6)
  A centaur skeleton (D:13)
  A komodo dragon (Lair:4)
  A polar bear (Lair:6)
  A spriggan (Lair:6)
  2 yaks
  A centaur (D:9)
  2 killer bees
  3 ogre zombies (D:12)
  A goblin zombie (D:12)
  2 hobgoblin zombies (D:12)
  10 orc zombies (D:12)
  A bush (Lair:1)
  52 fungi
  60 plants
144 creatures vanquished.

Grand Total: 738 creatures vanquished

Notes
Turn   | Place    | Note
-------+----------+-------------------------------------------
     0 | D:1      | blank1 the Djinni Summoner began the quest for the Orb.
     0 | D:1      | Reached XP level 1. HP: 15/15 MP: 0/0
   132 | D:1      | Found a faded altar of an unknown god.
   308 | D:1      | Reached XP level 2. HP: 22/22 MP: 0/0
   746 | D:1      | Reached skill level 1 in Fighting
   762 | D:1      | Reached XP level 3. HP: 23/27 MP: 0/0
   762 | D:1      | Learned a level 1 spell: Sting
  1471 | D:2      | Found the +8 trident of the Octopus King {venom, rElec
                  | rPois}
  1674 | D:2      | Reached XP level 4. HP: 32/32 MP: 0/0
  2060 | D:3      | Found a glowing drain.
  2091 | D:3      | Reached skill level 4 in Spellcasting
  2108 | Sewer    | Entered a sewer
  2194 | Sewer    | Noticed a water moccasin
  2209 | Sewer    | Killed a water moccasin
  2210 | Sewer    | Reached XP level 5. HP: 23/38 MP: 0/0
  2210 | Sewer    | Learned a level 2 spell: Searing Ray
  2453 | D:3      | Noticed an ogre
  2454 | D:3      | Reached XP level 6. HP: 40/43 MP: 0/0
  2488 | D:3      | Killed an ogre
  2692 | D:3      | Identified the +6 flail of Untimely Demise {pain, rCorr}
  2941 | D:4      | Reached skill level 5 in Spellcasting
  2948 | D:4      | Noticed Blork the orc
  2956 | D:4      | Killed Blork the orc
  2957 | D:4      | Reached XP level 7. HP: 4/50 MP: 0/0
  2957 | D:4      | Learned a level 2 spell: Ensorcelled Hibernation
  3557 | D:4      | Identified the +3 leather armour of Evolution {Slay+6}
  4087 | D:4      | Identified the +7 hand axe of the Snake Pit {vamp, *Slow
                  | rF+ Int+9 Dex-2}
  4249 | D:5      | Entered Level 5 of the Dungeon
  4289 | D:5      | Noticed a two-headed ogre
  4330 | D:5      | Found Lizan's Weapon Boutique.
  4366 | D:5      | Reached skill level 5 in Dodging
  4583 | D:5      | Killed a two-headed ogre
  4584 | D:5      | Reached skill level 5 in Fighting
  4584 | D:5      | Reached XP level 8. HP: 26/60 MP: 0/0
  4853 | D:5      | Found a staircase to the Ecumenical Temple.
  4862 | Temple   | Entered the Ecumenical Temple
  4916 | Temple   | Became a worshipper of Makhleb the Destroyer
  5164 | D:5      | Reached XP level 9. HP: 14/66 MP: 0/0
  5164 | D:5      | Learned a level 3 spell: Mephitic Cloud
  5700 | D:6      | Reached skill level 6 in Spellcasting
  6156 | D:6      | Found a sand-covered staircase.
  6185 | Ossuary  | Entered an ossuary
  6194 | Ossuary  | Reached * piety under Makhleb
  6399 | Ossuary  | Reached ** piety under Makhleb
  6584 | D:6      | Reached skill level 7 in Spellcasting
  7176 | D:7      | Reached skill level 1 in Armour
  7180 | D:7      | Reached XP level 10. HP: 67/75 MP: 0/0
  7419 | D:7      | Reached *** piety under Makhleb
  7877 | D:8      | Found a runed translucent door.
  7877 | D:8      | Noticed FludoriRambler's ghost (novice TeMo)
  8859 | D:9      | Reached skill level 10 in Fighting
  9004 | D:9      | Reached **** piety under Makhleb
  9018 | D:9      | Reached XP level 11. HP: 69/85 MP: 0/0
  9018 | D:9      | Learned a level 4 spell: Passage of Golubria
  9067 | D:9      | Reached skill level 8 in Spellcasting
  9966 | D:9      | Found a staircase to the Lair.
 10340 | D:9      | Found Nyutt's Specialty Armours.
 10521 | Lair:1   | Entered Level 1 of the Lair of Beasts
 10817 | Lair:1   | Noticed a six-headed hydra
 10824 | Lair:1   | Killed a six-headed hydra
 11172 | Lair:1   | Noticed Joseph
 11179 | Lair:1   | Killed Joseph
 11407 | Lair:1   | Reached skill level 10 in Dodging
 11794 | Lair:2   | Noticed a six-headed hydra
 11801 | Lair:2   | Killed a six-headed hydra
 12231 | Lair:2   | Reached XP level 12. HP: 93/94 MP: 0/0
 12484 | Lair:2   | Reached skill level 5 in Stealth
 12580 | Lair:2   | Reached skill level 9 in Spellcasting
 12585 | Lair:2   | Reached ***** piety under Makhleb
 13628 | Lair:2   | Reached skill level 10 in Spellcasting
 14062 | Lair:3   | Found a hole to the Spider Nest.
 14180 | Lair:3   | Reached XP level 13. HP: 97/99 MP: 0/0
 14180 | Lair:3   | Learned a level 5 spell: Iskenderun's Battlesphere
 14937 | Lair:3   | Noticed Sonja
 14945 | Lair:3   | Killed Sonja
 15173 | Lair:4   | Noticed Nergalle
 15186 | Lair:4   | Killed Nergalle
 15884 | Lair:4   | Reached skill level 11 in Spellcasting
 15946 | Lair:4   | Noticed Josephine
 15955 | Lair:4   | Killed Josephine
 16293 | Lair:4   | Noticed a seven-headed hydra
 16318 | Lair:4   | Noticed a seven-headed hydra
 16332 | Lair:4   | Killed a seven-headed hydra
 16335 | Lair:4   | Killed a seven-headed hydra
 16503 | Lair:4   | Found a staircase to the Swamp.
 16861 | Lair:5   | Identified a scroll of acquirement
 16861 | Lair:5   | Acquired 1047 gold pieces
 17030 | Lair:5   | Found a transporter.
 17034 | Lair:5   | Noticed Pinouros's ghost (journeyman DECj)
 17318 | Lair:5   | Found a transporter.
 17421 | Lair:5   | Reached ****** piety under Makhleb
 18006 | Lair:5   | Found a blossoming altar of Fedhas.
 18354 | Lair:6   | Entered Level 6 of the Lair of Beasts
 18354 | Lair:6   | Noticed a catoblepas
 18354 | Lair:6   | Noticed a boulder beetle
 18370 | Lair:5   | Killed a catoblepas
 18644 | Lair:6   | Noticed an eight-headed hydra
 18652 | Lair:6   | Killed an eight-headed hydra
 18653 | Lair:6   | Reached XP level 14. HP: 53/107 MP: 0/0
 20066 | Lair:6   | Reached skill level 12 in Spellcasting
 20381 | Lair:6   | Reached skill level 5 in Armour
 20791 | Lair:6   | Found a staircase to the Slime Pits.
 21871 | Lair:6   | Reached XP level 15. HP: 88/114 MP: 0/0
 21871 | Lair:6   | Learned a level 6 spell: Iron Shot
 22523 | D:10     | Entered Level 10 of the Dungeon
 22993 | D:10     | Noticed Maurice
 23008 | D:10     | Killed Maurice
 23009 | D:10     | Reached skill level 1 in Invocations
 23702 | D:10     | Found a broken altar of Ashenzari.
 23725 | D:10     | Found an ornate altar of the Wu Jian Council.
 23725 | D:10     | Found an iron altar of Okawaru.
 23733 | D:10     | Found a glowing silver altar of Zin.
 23892 | D:11     | Found a runed translucent gate.
 23893 | D:11     | Found a runed translucent gate.
 23894 | D:11     | Found a runed translucent gate.
 23922 | D:11     | Noticed Xenoroth's ghost (novice GrFi)
 24234 | D:11     | Identified the +1 robe of Patterns {+Inv rElec}
 24806 | D:11     | Reached skill level 13 in Spellcasting
 24901 | D:11     | Killed Xenoroth's ghost
 25380 | D:12     | Noticed Azrael
 25665 | D:12     | Noticed Erolcha
 25672 | D:12     | Killed Erolcha
 26652 | D:12     | Found a staircase to the Orcish Mines.
 26740 | D:12     | Found a runed translucent gate.
 26741 | D:12     | Found a runed translucent gate.
 26742 | D:12     | Found a runed translucent gate.
 26745 | D:12     | Noticed Elogroes's ghost (journeyman GrCK)
 27130 | D:12     | Killed Elogroes's ghost
 27447 | D:13     | Identified the +6 ring mail of the Illusory Lives {rPois
                  | Int+4}
 27499 | D:12     | Killed Azrael
 27953 | D:13     | Reached skill level 14 in Spellcasting
 28917 | D:13     | Shot with a bolt by a yaktaur

Illustrated notes

Levels and vault maps discovered:
D:1:      tarquinn_simple_flora_water_f, layout_rooms,
          shapermc_ecumenical_altar_pompeii
D:2:      layout_loops_cross, bh_walls_and_bars
D:3:      layout_basic, portal_sewer_entry_f, wad_rectangle_vault
D:4:      layout_cave_pods, serial_park_tiny_pond, uniq_blork_the_orc
D:5:      layout_rooms, lemuel_temple_firewalk_b, serial_shops, shop
D:6:      layout_gridville, enter_ossuary_2, minivault_19
D:7:      layout_rooms
D:8:      layout_loops_cross, hellmonk_ghost_happy_afterlife
D:9:      layout_basic, vehumet_crystals, grunt_lair_entry_orc_guard_hut,
          nicolae_barding_shop
D:10:     layout_roguey, minitemple, patterned_corridor, uniq_maurice
D:11:     layout_roguey, gammafunk_ghost_necromancy, nicolae_wwwww
D:12:     layout_basic, zombieorc2_lemuel, ebering_ghost_rock_garden,
          uniq_azrael, uniq_erolcha
D:13:     layout_basic, hangedman_vaults_entry_quadrant_bands
Temple:   regret_index_temple_sphere_string
Lair:1:   layout_cave_pods, infiniplex_staircase_pool, grunt_megastairs_5,
          uniq_joseph
Lair:2:   regret_index_tunnel_blossom, layout_small_grid
Lair:3:   layout_regular_city, dummy_spider_entry, uniq_sonja
Lair:4:   layout_small_grid, palyth_hydra_swamp_entry,
          infiniplex_staircase_pool_2, uniq_nergalle, uniq_josephine
Lair:5:   layout_regular_city, nicolae_volcano_entry_s_turn, nzn_ghost_randoct,
          grunt_forest_stairs_basic, hangedman_tree_tricks
Lair:6:   minmay_lair_end_enchanted_forest, layout_hall_layers,
          minmay_slime_entry_oklob_enclosed, dpeg_oklob_1

Skill      XL: |  1  2  3  4  5  6  7  8  9 10 11 12 13 14 15 |
---------------+----------------------------------------------+-----
Fighting       | 1 2 3 5 6 7 10 11 12 13 | 13.9
Stealth        | 2 3 4 5 6 |  6.0
Dodging        | 3 4 6 7 8 10 11 12 13 | 13.0
Spellcasting   | 4 5 7 8 10 11 12 14 | 14.0
Armour         | 2 3 4 5 |  5.0
Polearms       | 4 |  4.0
Invocations    | 3 |  3.0

Action                   |  1- 3 |  4- 6 |  7- 9 | 10-12 | 13-15 || total
-------------------------+-------+-------+-------+-------+-------++-------
Melee: Short sword       |    39 |       |       |       |       ||    39
       Unarmed           |     8 |       |       |       |       ||     8
       Trident           |     6 |    79 |   197 |   296 |   377 ||   955
       Punch             |       |       |     1 |     6 |     9 ||    16
 Cast: Summon Small Mamm |    28 |     7 |    17 |    19 |    14 ||    85
       Call Imp          |       |     3 |    11 |    25 |    64 ||   103
       Call Canine Famil |       |     1 |    11 |    27 |    69 ||   108
       Mephitic Cloud    |       |       |     7 |    12 |    21 ||    40
       Summon Lightning  |       |       |     4 |    75 |   141 ||   220
       Ensorcelled Hiber |       |       |     1 |     3 |     3 ||     7
       Summon Guardian G |       |       |       |     3 |    31 ||    34
       Passage of Golubr |       |       |       |     2 |       ||     2
       Sting             |       |       |       |     1 |       ||     1
       Iskenderun's Batt |       |       |       |       |    13 ||    13
       Searing Ray       |       |       |       |       |     5 ||     5
       Iron Shot         |       |       |       |       |    49 ||    49
Evoke: Wand              |       |       |       |       |     2 ||     2
  Use: Scroll            |       |     4 |    12 |     7 |     4 ||    27
 Stab: Sleeping          |     2 |     3 |     5 |     3 |     6 ||    19
       Distracted        |       |     1 |       |     5 |    19 ||    25
       Confused          |       |       |     1 |     4 |     2 ||     7
       Petrified         |       |       |       |       |     4 ||     4
       Petrifying        |       |       |       |       |     1 ||     1
Armor: Robe              |     7 |     7 |     1 |       |       ||    15
       Leather armour    |       |       |    58 |    45 |    95 ||   198
Dodge: Dodged            |    43 |    43 |    89 |   258 |   386 ||   819

Table legend: (Time is in decaauts)
 A = Elapsed time spent in this place.
 B = Non-inter-level travel time spent in this place.
 C = Inter-level travel time spent in this place.
 D = Time resting spent in this place.
 E = Time spent auto-exploring this place.
 F = Levels seen in this place.
 G = Mean time per level.
                   A        B        C        D        E       F      G
               +--------+--------+--------+--------+--------+-----+--------+
         Total |  29176 |  27929 |   1247 |   4451 |  17915 |  22 | 1326.2 |
       Dungeon |  16322 |  15580 |    742 |   1703 |  11101 |  13 | 1255.5 |
        Temple |     82 |     55 |     27 |      0 |     42 |   1 |   82.0 |
          Lair |  12072 |  11594 |    478 |   2748 |   6296 |   6 | 2012.0 |
         Sewer |    275 |    275 |      0 |      0 |    225 |   1 |  275.0 |
       Ossuary |    424 |    424 |      0 |      0 |    251 |   1 |  424.0 |
               +--------+--------+--------+--------+--------+-----+--------+

Top non-repeatable levels by time:
  Lair:5: 2906 daAuts
  Lair:6: 2668 daAuts
    D:12: 2433 daAuts
  Lair:2: 2221 daAuts
     D:9: 1770 daAuts
  Lair:4: 1585 daAuts
  Lair:1: 1582 daAuts
    D:10: 1538 daAuts
     D:4: 1358 daAuts
     D:1: 1342 daAuts
     D:5: 1325 daAuts
    D:11: 1287 daAuts
    D:13: 1160 daAuts
  Lair:3: 1108 daAuts
     D:6: 1070 daAuts
